 Dungeon Crawl Stone Soup version 0.30.1-11-g7821555f0a (webtiles) character file.

Game seed: 6364843161202444045

103 H0rd4k the Charlatan (level 5, -2/38 HPs)
             Began as a Human Artificer on Dec 11, 2023.
             Killed by divine providence
             ... invoked by an orc priest
              (12 damage)
             ... on level 3 of the Dungeon.
             The game lasted 00:02:02 (2189 turns).

H0rd4k the Charlatan (Human Artificer)              Turns: 2189, Time: 00:02:03

Health: -2/38      AC:  4    Str: 13    XL:     5   Next: 6%
Magic:  5/5        EV: 12    Int: 13    God:
Gold:   106        SH:  0    Dex: 13    Spells: 4/4 levels left

rFire   . . .        s - +0 mace
rCold   . . .        (no shield)
rNeg    . . .        b - +0 leather armour
rPois   .            (no helmet)
rElec   .            (no cloak)
rCorr   .            k - +0 pair of gloves
SInv    .            (no boots)
Will    .....        (no amulet)
Stlth   +            (no ring)
HPRegen 0.26/turn    (no ring)
MPRegen 0.09/turn

%: no passive effects
@: no status effects
A: no striking features
a: no special abilities


You were on level 3 of the Dungeon.
You visited 1 branch of the dungeon, and saw 3 of its levels.

You collected 106 gold pieces.

Inventory:

Hand Weapons
 s - a +0 mace (weapon)
 v - a +0 dagger of venom
Missiles
 n - 2 poisoned darts
Armour
 b - a +0 leather armour (worn)
 k - a +0 pair of gloves (worn)
Magical Staves
 r - a staff of earth
Jewellery
 t - a ring of wizardry
Wands
 c - a wand of flame (8) (quivered)
 d - a wand of charming (11)
 e - a wand of iceblast (8)
 w - a wand of polymorph (11)
Scrolls
 g - 2 scrolls of enchant weapon {unknown}
 h - 4 scrolls of identify {unknown}
 l - a scroll of enchant armour {unknown}
 m - 2 scrolls of teleportation {unknown}
 o - a scroll of summoning {unknown}
 p - 3 scrolls of noise {unknown}
 y - 2 scrolls of amnesia {unknown}
 z - a scroll of poison {unknown}
 A - a scroll of immolation {unknown}
 C - a scroll of vulnerability {unknown}
Potions
 a - a potion of attraction {unknown}
 f - a potion of ambrosia {unknown}
 i - a potion of mutation {unknown}
 j - 3 potions of curing {unknown}
 q - a potion of brilliance {unknown}
 u - 2 potions of degeneration {unknown}
 x - 2 potions of heal wounds {unknown}
 B - 2 potions of invisibility {unknown}


   Skills:
 + Level 2.1 Fighting
 + Level 2.5 Maces & Flails
 - Level 2.0 Armour
 + Level 2.7 Dodging
 - Level 1.0 Stealth
 - Level 3.0 Evocations


You had 4 spell levels left.
You didn't know any spells.
Your spell library was empty.

Dungeon Overview and Level Annotations

Branches:
Dungeon (3/15)

Altars:


Message History

The orc shouts!
The orc priest invokes the aid of Beogh against you.
Beogh smites you!
There are monsters nearby!
The orc wizard gestures wildly while chanting.
The orc wizard flickers and vanishes!
Deactivating autopickup; reactivate with Ctrl-A.
You hit the orc priest but do no damage.
There are monsters nearby!
The orc attacks as you move away! The orc barely misses you.
The orc priest invokes the aid of Beogh against you.
Pain shoots through your body! Something completely misses you.
The orc attacks as you move away! The orc barely misses you.
Something hits you.
Aiming: Charm
Press: ? - help, Shift-Dir - straight line, f - orc
Aim: an orc, wielding a +0 hand axe (chance to affect: 73%)
The orc struggles to resist.
The orc hits you with a +0 hand axe.
* * * LOW HITPOINT WARNING * * *
Unknown command.
Aiming: Charm
Press: ? - help, Shift-Dir - straight line, f/p - orc
Aim: an orc, wielding a +0 hand axe (chance to affect: 73%)
The orc is charmed.
The orc priest hits your orc with a +0 club.
Something hits your orc.
Your orc dies!
Aiming: Charm
Press: ? - help, Shift-Dir - straight line, f - orc priest
Aim: an orc priest, wielding a +0 club (chance to affect: 56%)
The orc priest resists with significant effort.
Unknown command.
Aiming: Charm
Press: ? - help, Shift-Dir - straight line, f/p - orc priest
Aim: an orc priest, wielding a +0 club (chance to affect: 56%)
The orc priest resists with significant effort.
The orc priest mumbles some strange prayers to Beogh against you.
Beogh smites you!
You die...

................###..#######.#.#.
###########..........# #.........
# #########.####.# #.###...## #
#$......#.# #.# #.# ###### #
#.......#.# #.# #.# #... #
#.......#.# #.# #.# #.##
#.........# #.# #.# #.##
#.......#o####.###.#####...
#.......#.@.....รท..........
#.......#.####.###.........
#.......#.# #.# ##########
#.......#.# #.# .....#####.# #.#
###.#. #.# #.# #.#. ####.# #.#
..#.####.# #.#.##...#


You could see an orc priest.

Vanquished Creatures
  Ijyb (D:3)
  2 adders
  2 worms
  An orc (D:3)
  3 ball pythons
  8 endoplasms
  5 giant cockroaches
  3 goblins
  4 hobgoblins
  4 quokkas
  4 bats
  2 frilled lizards
  3 kobolds
  11 rats
53 creatures vanquished.

Vanquished Creatures (others)
  An orc (D:3)
1 creature vanquished.

Grand Total: 54 creatures vanquished

Notes
Turn   | Place    | Note
-------+----------+-------------------------------------------
     0 | D:1      | H0rd4k the Human Artificer began the quest for the Orb.
     0 | D:1      | Reached XP level 1. HP: 15/15 MP: 1/1
   185 | D:1      | Reached XP level 2. HP: 16/21 MP: 2/2
   440 | D:1      | Reached skill level 1 in Maces & Flails
   548 | D:1      | Reached XP level 3. HP: 25/26 MP: 3/3
   967 | D:2      | Found a faded altar of an unknown god.
  1261 | D:2      | Reached XP level 4. HP: 22/33 MP: 4/4
  1691 | D:3      | Noticed Ijyb
  1694 | D:3      | Killed Ijyb
  1745 | D:3      | Reached XP level 5. HP: 35/38 MP: 5/5
  2189 | D:3      | Killed from afar by an orc priest

Illustrated notes

Levels and vault maps discovered:
D:1:      wander_arrival_peaceful_grave, layout_loops_ring
D:2:      layout_loops_cross, shapermc_ecumenical_altar_mp_vishouse,
          serial_glass, glass_columns_b, glass_columns_b
D:3:      layout_basic, uniq_ijyb

Skill      XL: |  1  2  3  4 |
---------------+-------------+-----
Maces & Flails | 1 2 |  2.5
Dodging        | 2 |  2.7
Fighting       | 2 |  2.1
Armour         | |  2.0
Stealth        | |  1.0
Evocations     | |  3.0

Action                     |  1- 3 |  4- 6 || total
---------------------------+-------+-------++-------
  Melee: Club              |   168 |     5 ||   173
         Punch             |     2 |       ||     2
         Mace              |       |    52 ||    52
  Evoke: Wand              |     7 |     6 ||    13
   Stab: Sleeping          |     2 |       ||     2
 Armour: Leather armour    |    64 |    18 ||    82
  Dodge: Dodged            |   128 |    44 ||   172
